 Dungeon Crawl Stone Soup version 0.29-a0-459-g97dee8cd24 (webtiles) character file.

Game seed: 14130011053312751049

557 jfcaron the Charlatan (level 7, -1/52 HPs)
             Began as a Gnoll Artificer on May 20, 2022.
             Was a Plaything of Xom.
             Succumbed to an orc's poison
             ... on level 5 of the Dungeon.
             The game lasted 00:07:44 (4726 turns).

jfcaron the Charlatan (Gnoll Artificer)             Turns: 4726, Time: 00:07:45

Health: -1/52      AC:  7    Str: 13    XL:     7   Next: 30%
Magic:  10/10      EV: 10    Int: 10    God:    Xom [......]
Gold:   193        SH:  0    Dex: 13    Spells: 10/10 levels left

rFire   . . .      SeeInvis .   r - +1 flail (protect)
rCold   . . .      Faith    .   (no shield)
rNeg    . . .      Spirit   .   n - +0 scale mail
rPois   .          Reflect  .   (no helmet)
rElec   .          Harm     .   (no cloak)
rCorr   .          Rampage  .   (no gloves)
Will    +....      Clarity  +   (no boots)
Stlth   +.........              (no amulet)
HPRegen 0.17/turn               w - ring of willpower
MPRegen 0.12/turn               (no ring)

@: lethally poisoned (-1 -> -34)
A: fangs 1, strong nose, distributed training, clarity, screaming 1
a: Renounce Religion


You were on level 5 of the Dungeon.
You worshipped Xom.
You were a very special plaything of Xom.
You visited 1 branch of the dungeon, and saw 5 of its levels.

You collected 193 gold pieces.

Inventory:

Hand Weapons
 i - a +0 dagger
 k - a +0 great sword
 r - a +1 flail of protection (weapon)
Missiles
 h - 113 stones (quivered)
Armour
 b - a +0 leather armour
 g - a +0 ring mail
 n - a +0 scale mail (worn)
Jewellery
 w - a ring of willpower (left hand)
Wands
 a - a wand of acid (11)
 c - a wand of flame (4)
 d - a wand of charming (15)
 e - a wand of iceblast (4)
 s - a wand of mindburst (16)
Scrolls
 j - a scroll of teleportation
 l - a scroll of fog {unknown}
 p - a scroll of immolation {unknown}
Potions
 f - a potion of lignification
 m - 3 potions of haste
 o - a potion of might {unknown}
 q - 2 potions of heal wounds
 t - a potion of resistance {unknown}
 u - a potion of ambrosia {unknown}
 v - a potion of curing {unknown}
 x - a potion of flight {unknown}


   Skills:
 + Level 3.5 Fighting
 + Level 2.4 Short Blades
 + Level 2.4 Long Blades
 + Level 2.4 Axes
 + Level 2.4 Maces & Flails
 + Level 2.4 Polearms
 + Level 2.4 Staves
 + Level 2.4 Slings
 + Level 2.4 Bows
 + Level 2.4 Crossbows
 + Level 2.4 Throwing
 + Level 5.2 Armour
 + Level 3.5 Dodging
 + Level 3.4 Stealth
 + Level 2.4 Shields
 + Level 2.4 Unarmed Combat
 + Level 2.4 Spellcasting
 + Level 2.0 Conjurations
 + Level 2.0 Hexes
 + Level 2.0 Summonings
 + Level 2.0 Necromancy
 + Level 2.0 Translocations
 + Level 2.0 Transmutations
 + Level 2.0 Fire Magic
 + Level 2.0 Ice Magic
 + Level 2.0 Air Magic
 + Level 2.0 Earth Magic
 + Level 2.0 Poison Magic
 + Level 2.6 Invocations
 + Level 7.0 Evocations


You had 10 spell levels left.
You didn't know any spells.
Your spell library contained the following spells:

 Spells                   Type           Power      Damage    Failure   Level
 Sting                    Tmut/Pois      20%        1d4       47%         1
 Poisonous Vapours        Pois/Air       10%        N/A       63%         2
 Sublimation of Blood     Necr           5%         N/A       63%         2
 Wereblood                Tmut           5%         N/A       63%         2
 Corpse Rot               Necr/Pois/Air  5%         N/A       99%         4
 Dispel Undead            Necr           5%         3d7       99%         4
 Olgreb's Toxic Radiance  Pois           5%         N/A       99%         4
 Death Channel            Necr           2%         N/A       100%        6
 Summon Hydra             Summ           2%         N/A       100%        7


Dungeon Overview and Level Annotations

Branches:
Dungeon (5/15)
 Temple: D:4-7

Altars:
Ashenzari
Hepliaklqana
Nemelex Xobeh
Wu Jian
Xom


Innate Abilities, Weirdness & Mutations

You have very sharp teeth.
Your uncanny sense of smell can sniff out nearby items.
Your experience applies equally to all skills.
You possess an exceptional clarity of mind.
You occasionally shout uncontrollably at your foes.


Message History

The orc attacks as you move away! The orc misses you.
You see here a +0 glaive.
You closely miss the orc.
The orc is moderately wounded.
The orc hits you but does no damage.
You are poisoned.
You hit the orc. Your bite misses the orc.
The orc is heavily wounded.
You feel sick. The orc hits you but does no damage.
You are more poisoned.
You closely miss the orc. You bite the orc.
The orc is almost dead.
You feel very sick. The orc hits you but does no damage.
You are more poisoned.
The orc hits you with a +0 mace of venom.
You are more poisoned.
Okay, then.
Unknown command.
Aiming: Mindburst
Press: ? - help, Shift-Dir - straight line, f - orc
Aim: an orc, wielding a +0 mace of venom (almost dead, chance to affect: 94%)
The orc barely resists.
You feel extremely sick. The orc hits you but does no damage.
You are more poisoned.
Aiming: Mindburst
Press: ? - help, Shift-Dir - straight line, f/p - orc
Aim: an orc, wielding a +0 mace of venom (almost dead, chance to affect: 94%)
The orc's mind is blasted!!!
You blow up the orc!
* * * LOW HITPOINT WARNING * * *
You feel extremely sick.
Aiming: Mindburst
Press: ? - help, Shift-Dir - straight line, f - orc
Aim: an orc, wielding a +0 short sword and wearing a +0 chain mail (chance to affect: 94%)
The orc's mind is blasted!!
You blow up the orc!
You die...
Xom laughs nastily! ._.... ...... ### PPooP.#### ## #.. ...o..#.. .# #.# PP.....

.# # #.# .o..####.# .#
#.# #o.#.)@.##.# #.###
#..#)##.#..########....
#...).......##......<##
#...)..........#####.#
####.#.##.#.# #.##
####.#.##...# #..#
###.......##..### ##.#
#...............# #.#
####.#.............#
#.#


There were no monsters in sight!

Vanquished Creatures
  An ice beast (D:5)
  An ogre (D:4)
  A jelly (D:5)
  An orc priest (D:5)
  Ijyb (D:4)
  An iguana (D:4)
  Natasha (thrice) (D:2)
  5 gnolls
  5 adders
  A white imp (D:3)
  5 worms
  5 orcs
  10 endoplasms
  4 giant cockroaches
  3 goblins
  12 hobgoblins
  3 jackals (D:2)
  4 quokkas
  5 ball pythons
  5 bats
  3 frilled lizards
  9 kobolds
  7 rats
  14 plants (D:5)
109 creatures vanquished.

Notes
Turn   | Place    | Note
-------+----------+-------------------------------------------
     0 | D:1      | jfcaron the Gnoll Artificer began the quest for the Orb.
     0 | D:1      | Reached XP level 1. HP: 17/17 MP: 1/1
   373 | D:1      | Reached XP level 2. HP: 19/23 MP: 2/2
   717 | D:1      | Reached XP level 3. HP: 10/28 MP: 3/3
  1113 | D:2      | Reached skill level 1 in Invocations
  1160 | D:2      | Reached skill level 1 in Short Blades
  1160 | D:2      | Reached skill level 1 in Long Blades
  1160 | D:2      | Reached skill level 1 in Axes
  1160 | D:2      | Reached skill level 1 in Maces & Flails
  1160 | D:2      | Reached skill level 1 in Polearms
  1160 | D:2      | Reached skill level 1 in Staves
  1160 | D:2      | Reached skill level 1 in Slings
  1160 | D:2      | Reached skill level 1 in Bows
  1160 | D:2      | Reached skill level 1 in Crossbows
  1160 | D:2      | Reached skill level 1 in Throwing
  1160 | D:2      | Reached skill level 1 in Shields
  1160 | D:2      | Reached skill level 1 in Unarmed Combat
  1160 | D:2      | Reached skill level 1 in Spellcasting
  1315 | D:2      | Reached XP level 4. HP: 28/34 MP: 5/5
  1747 | D:2      | Noticed Natasha
  1751 | D:2      | Killed Natasha
  1752 | D:2      | Reached skill level 1 in Conjurations
  1752 | D:2      | Reached skill level 1 in Hexes
  1752 | D:2      | Reached skill level 1 in Summonings
  1752 | D:2      | Reached skill level 1 in Necromancy
  1752 | D:2      | Reached skill level 1 in Translocations
  1752 | D:2      | Reached skill level 1 in Transmutations
  1752 | D:2      | Reached skill level 1 in Fire Magic
  1752 | D:2      | Reached skill level 1 in Ice Magic
  1752 | D:2      | Reached skill level 1 in Air Magic
  1752 | D:2      | Reached skill level 1 in Earth Magic
  1752 | D:2      | Reached skill level 1 in Poison Magic
  1820 | D:2      | Noticed Natasha
  1834 | D:2      | Killed Natasha
  1835 | D:2      | Reached XP level 5. HP: 35/40 MP: 5/7
  2015 | D:2      | Noticed Natasha
  2024 | D:2      | Killed Natasha
  2925 | D:3      | Reached XP level 6. HP: 37/47 MP: 8/8
  3021 | D:3      | Found a shimmering altar of Xom.
  3030 | D:3      | Found a broken altar of Ashenzari.
  3038 | D:3      | Became a worshipper of Xom the Unpredictable
  3719 | D:4      | XOM: silly message
  3815 | D:4      | XOM: 3-stop teleportation journey
  3958 | D:4      | Noticed Ijyb
  3960 | D:4      | Killed Ijyb
  3961 | D:4      | Reached skill level 5 in Armour
  4154 | D:4      | XOM: silly message
  4234 | D:4      | Found a sparkling altar of Nemelex Xobeh.
  4416 | D:4      | XOM: give mutations
  4416 | D:4      | Gained mutation: You possess an exceptional clarity of
                  | mind. [Xom's mischief]
  4416 | D:4      | Gained mutation: You occasionally shout uncontrollably at
                  | your foes. [Xom's mischief]
  4416 | D:4      | Gained mutation: You are dopey. (Int -2) [Xom's mischief]
  4416 | D:4      | Lost mutation: You are dopey. (Int -2) [Xom's mischief]
  4582 | D:5      | Entered Level 5 of the Dungeon
  4582 | D:5      | Noticed an ice beast
  4583 | D:5      | Killed an ice beast
  4584 | D:5      | Reached skill level 7 in Evocations
  4584 | D:5      | Reached XP level 7. HP: 52/52 MP: 10/10
  4635 | D:5      | Found a hazy altar of Hepliaklqana.
  4707 | D:5      | Found an ornate altar of the Wu Jian Council.
  4725 | D:5      | HP: 7/52 [poisoned by an orc]
  4726 | D:5      | Succumbed to an orc's poison

Illustrated notes

Levels and vault maps discovered:
D:1:      minmay_arrival_glassed_features, layout_rooms
D:2:      layout_basic, nrook_loot_triangle, glass_columns_c, uniq_natasha
D:3:      layout_rooms, mainiacjoe_overflow_big_doors, dk_noncrumbling_3,
          minmay_strange_pillars, nicolae_underground_beach
D:4:      layout_basic, lemuel_crystal_altar, st_stairs_14, uniq_ijyb
D:5:      layout_loops_cross, nicolae_overflow_hidden_temple,
          mainiacjoe_overflow_cross_hatched,
          mainiacjoe_overflow_concentric_impassable,
          nicolae_overflow_crystal_walls

Skill      XL: |  1  2  3  4  5  6  7 |
---------------+----------------------+-----
Invocations    | 1 2 |  2.6
Short Blades   | 1 2 |  2.4
Long Blades    | 1 2 |  2.4
Axes           | 1 2 |  2.4
Maces & Flails | 1 2 |  2.4
Polearms       | 1 2 |  2.4
Staves         | 1 2 |  2.4
Slings         | 1 2 |  2.4
Bows           | 1 2 |  2.4
Crossbows      | 1 2 |  2.4
Throwing       | 1 2 |  2.4
Shields        | 1 2 |  2.4
Unarmed Combat | 1 2 |  2.4
Spellcasting   | 1 2 |  2.4
Conjurations   | 1 2 |  2.0
Hexes          | 1 2 |  2.0
Summonings     | 1 2 |  2.0
Necromancy     | 1 2 |  2.0
Translocations | 1 2 |  2.0
Transmutations | 1 2 |  2.0
Fire Magic     | 1 2 |  2.0
Ice Magic      | 1 2 |  2.0
Air Magic      | 1 2 |  2.0
Earth Magic    | 1 2 |  2.0
Poison Magic   | 1 2 |  2.0
Fighting       | 3 |  3.5
Dodging        | 3 |  3.5
Stealth        | 3 |  3.4
Armour         | 5 |  5.2
Evocations     | 7 |  7.0

Action                   |  1- 3 |  4- 6 |  7- 9 || total
-------------------------+-------+-------+-------++-------
Melee: Mace              |    74 |   125 |       ||   199
       Bite              |     3 |    22 |     3 ||    28
       Punch             |     1 |     2 |       ||     3
       Flail             |       |    51 |    11 ||    62
Throw: Stone             |    39 |   139 |     6 ||   184
Evoke: Wand              |     5 |    13 |     4 ||    22
  Use: Scroll            |       |     3 |     1 ||     4
 Stab: Sleeping          |     1 |       |       ||     1
Armor: Ring mail         |    33 |       |       ||    33
       Scale mail        |       |    76 |    11 ||    87
Dodge: Dodged            |    67 |    83 |     4 ||   154

Table legend: (Time is in decaauts)
 A = Elapsed time spent in this place.
 B = Non-inter-level travel time spent in this place.
 C = Inter-level travel time spent in this place.
 D = Time resting spent in this place.
 E = Time spent auto-exploring this place.
 F = Levels seen in this place.
 G = Mean time per level.
                   A        B        C        D        E       F      G
               +--------+--------+--------+--------+--------+-----+--------+
         Total |   4842 |   4643 |    199 |    937 |   2821 |   5 |  968.4 |
       Dungeon |   4842 |   4643 |    199 |    937 |   2821 |   5 |  968.4 |
               +--------+--------+--------+--------+--------+-----+--------+

Top non-repeatable levels by time:
     D:3: 1252 daAuts
     D:4: 1200 daAuts
     D:2: 1154 daAuts
     D:1: 1088 daAuts
     D:5: 146 daAuts
